 Dungeon Crawl Stone Soup version 0.30-a0-1160-g6e42c06551 (webtiles) character file.

Game seed: 8519741720766974237

5481 hwolsky the Cleaver (level 10, -23/91 HPs)
             Began as a Minotaur Fighter on Apr 25, 2023.
             Was a Priest of Okawaru.
             Killed from afar by a wretched star (32 damage)
             ... with a lance of force
             ... on level 1 of the Abyss.
             The game lasted 00:23:33 (7012 turns).

hwolsky the Cleaver (Minotaur Fighter)              Turns: 7012, Time: 00:23:34

Health: -23/91     AC: 25    Str: 24    XL:     10   Next: 42%
Magic:  10/10      EV:  7    Int:  9    God:    Okawaru [***...]
Gold:   328        SH:  6    Dex: 15    Spells: 9/9 levels left

rFire   + . .        a - +1 war axe (protect)
rCold   . . .        c - +0 buckler
rNeg    . . .        w - +0 plate armour
rPois   .            (helmet restricted)
rElec   .            o - +0 cloak
rCorr   .            j - +0 pair of gloves
SInv    .            t - +0 pair of boots
Will    +....        (no amulet) Stlth
                     C - +6 ring of dexterity
HPRegen 0.35/turn    m - ring of protection from fire
MPRegen 0.12/turn

%: no passive effects
@: under a protective aura
A: horns 2, retaliatory headbutt, clever 1, strong-willed 1, subdued magic 1
a: Renounce Religion, Heroism


You were on level 1 of the Abyss.
You worshipped Okawaru.
Okawaru was most pleased with you.
You visited 2 branches of the dungeon, and saw 10 of its levels.
You visited the Abyss 1 time.
You also visited: Sewer.

You collected 328 gold pieces.

Inventory:

Hand Weapons
 a - a +1 war axe of protection (weapon)
 x - a +1 war axe of draining
Missiles
 b - 2 javelins (quivered)
 h - 4 boomerangs
 s - 5 boomerangs of dispersal
Armour
 c - a +0 buckler (worn)
 j - a +0 pair of gloves (worn)
 o - a +0 cloak (worn)
 t - a +0 pair of boots (worn)
 w - a +0 plate armour (worn)
Jewellery
 i - a ring of positive energy
 m - a ring of protection from fire (right hand)
 r - a ring of protection from cold
 C - a +6 ring of dexterity (left hand)
 G - a +6 ring of strength
Wands
 y - a wand of mindburst (43)
 D - a wand of polymorph (18)
 E - a wand of digging (3)
Scrolls
 d - a scroll of identify
 g - a scroll of silence
 l - a scroll of blinking
 p - a scroll of enchant weapon
 u - 3 scrolls of teleportation
 v - a scroll of poison
 B - a scroll of magic mapping
Potions
 e - 2 potions of mutation
 f - 4 potions of haste
 n - 4 potions of curing
 q - 2 potions of flight
 z - a potion of attraction
 A - a potion of berserk rage
 F - a potion of brilliance


   Skills:
 + Level 9.0 Fighting
 * Level 11.9 Axes
 + Level 9.1 Armour
 + Level 9.0 Shields
 + Level 2.1 Invocations


You had 9 spell levels left.
You didn't know any spells.
Your spell library contained the following spells:

 Spells                   Type           Power      Damage    Failure   Level
 Scorch                   Fire           0%         2d5       100%        2
 Static Discharge         Conj/Air       0%         2-2/arc   100%        2
 Sublimation of Blood     Necr           0%         N/A       100%        2
 Portal Projectile        Hex/Tloc       0%         N/A       100%        3
 Airstrike                Air            0%         2d(0-16)  100%        4
 Flame Wave               Conj/Fire      0%         2d4       100%        4
 Olgreb's Toxic Radiance  Pois           0%         N/A       100%        4
 Passage of Golubria      Tloc           0%         N/A       100%        4
 Petrify                  Tmut/Erth      0%         N/A       100%        4
 Blade Hands              Tmut           0%         N/A       100%        5
 Fireball                 Conj/Fire      0%         3d3       100%        5
 Irradiate                Conj/Tmut      0%         3d11      100%        5
 Iskenderun's Battlesphe  Conj           0%         2d6       100%        5
 Silence                  Hex/Air        0%         N/A       100%        5
 Conjure Ball Lightning   Conj/Air       0%         3x3d6     100%        6
 Orb of Destruction       Conj           0%         9d5       100%        7
 Discord                  Hex            0%         N/A       100%        8
 Ignition                 Fire           0%         3d3       100%        8
 Lehudib's Crystal Spear  Conj/Erth      0%         10d2      100%        8
 Tukima's Dance           Hex            Unusable   N/A       N/A         3
 Animate Dead             Necr           Unusable   N/A       N/A         4
 Summon Lightning Spire   Summ/Air       Unusable   N/A       N/A         4
 Summon Cactus Giant      Summ           Unusable   N/A       N/A         6
 Haunt                    Necr/Summ      Unusable   N/A       N/A         7
 Infestation              Necr           Unusable   N/A       N/A         8

Dungeon Overview and Level Annotations

Branches:
Dungeon (9/15)             Temple (1/1) D:4           Sewer (visited)
   Lair: D:8-11         Orc: D:9-12

Altars:
Ashenzari
Dithmenos
Elyvilon
Fedhas
Gozag
Hepliaklqana
Kikubaaqudgha
Makhleb
Nemelex Xobeh
Okawaru
Qazlal
Ru
Sif Muna
Trog
Uskayaw
Vehumet
Wu Jian
Xom
Yredelemnul
Zin
The Shining One

Annotations:
D:9 Erolcha


Innate Abilities, Weirdness & Mutations

You have a pair of horns on your head.
You reflexively headbutt those who attack you in melee.
Your mind is acute. (Int +4, Str/Dex -1)
You are strong-willed. (Will+)
Your spells are a little easier to cast, but a little less powerful.


Message History

The large abomination is almost destroyed.
You hit the starcursed mass.
The starcursed mass shudders and withdraws towards its neighbour. x2
You hit the large abomination.
You destroy the large abomination!
Okawaru is honoured by your kill.
Okawaru will now gift you throwing weapons as you gain piety.
You feel your intelligence returning.
Your base Fighting skill increases to level 9!
Your base Shields skill increases to level 9!
Your Invocations skill increases to level 2!
Blink to where?
Press: ? - help, Q - select action, (/) - cycle Dir - move target
As you read the scroll of blinking, it crumbles to dust.
A small abomination comes into view.
You feel like a meek peon again.
A wretched star comes into view.
You hit the small abomination.
Your weapon exudes an aura of protection.
The small abomination is lightly damaged.
You block the small abomination's attack.
The small abomination hits you!
* * * LOW HITPOINT WARNING * * *
You slash the small abomination!
The small abomination is severely damaged.
The small abomination hits you!
* * * LOW HITPOINT WARNING * * *
A chorus of shrieks assaults your mind.
* * * LOW HITPOINT WARNING * * *
You hit the small abomination.
The small abomination is almost destroyed.
A starcursed mass splits.
The small abomination hits you.
* * * LOW HITPOINT WARNING * * *
A starcursed mass splits.
You slash the small abomination!
You destroy the small abomination!
Okawaru accepts your kill.
The wretched star glows turbulently.
The lance of force hits you!!
You die...

. ###.X ....### . .
..##. .# .... .#. # ...
... ....# .. #.. .X.. ##
. ... .#.#.. #X ...... .
#.# .#.. #.# . . .. .#..
... ## ..##. .. #
#.##.##..## ##.# ##...
#.......... #X #######
###..@....... #X
.............#.*.....
..#......XX.....#.......
#. ......XXX....#.......
###....#########.......
####..# #####'# .


You could see 5 starcursed masses and a wretched star.

Vanquished Creatures
  A two-headed ogre (D:8)
  2 large abominations (Abyss:1)
  Maggie (D:6)
  Sigmund (D:5)
  A vampire (D:9)
  A neqoxec (Abyss:1)
  Menkaure (D:7)
  Edmund (D:4)
  Duvessa (D:4)
  4 water moccasins
  Pargi (Sewer)
  A black bear (D:7)
  2 ice beasts
  5 sky beasts
  An ogre (D:6)
  A kobold brigand (D:8)
  2 bullfrogs (D:6)
  2 scorpions
  2 small abominations (Abyss:1)
  3 wights (D:8)
  Dowan (D:4)
  3 killer bees (D:9)
  3 howler monkeys
  5 jellies
  4 hounds
  2 orc priests
  Crazy Yiuf (D:3)
  A gnoll bouda (D:9)
  A sleepcap (D:5)
  4 iguanas
  Natasha (twice) (D:4)
  4 orc wizards
  A hound skeleton (D:3)
  5 gnolls
  4 adders
  3 shadow imps
  A white imp (D:4)
  An adder skeleton (D:3)
  6 worms
  A dart slug (D:4)
  10 orcs
  3 endoplasms
  4 giant cockroaches
  4 goblins
  6 hobgoblins
  14 kobolds
  4 quokkas
  3 ball pythons
  10 bats
  4 frilled lizards
  4 rats
153 creatures vanquished.

Vanquished Creatures (others)
  9 withered plants (D:3)
9 creatures vanquished.

Grand Total: 162 creatures vanquished

Notes
Turn   | Place    | Note
-------+----------+-------------------------------------------
     0 | D:1      | hwolsky the Minotaur Fighter began the quest for the Orb.
     0 | D:1      | Reached XP level 1. HP: 19/19 MP: 0/0
   210 | D:1      | Reached XP level 2. HP: 27/27 MP: 1/1
   621 | D:2      | Reached skill level 3 in Axes
   724 | D:2      | Reached XP level 3. HP: 33/33 MP: 2/2
  1279 | D:3      | Reached XP level 4. HP: 40/40 MP: 3/3
  1401 | D:3      | Found a faded altar of an unknown god.
  1446 | D:3      | Reached skill level 4 in Axes
  1491 | D:3      | Gained mutation: Your mind is acute. (Int +4, Str/Dex -1)
                  | [potion of mutation]
  1491 | D:3      | Gained mutation: You are strong-willed. (Will+) [potion of
                  | mutation]
  1767 | D:3      | Found a runed translucent door.
  1768 | D:3      | Noticed Crazy Yiuf
  1778 | D:3      | Killed Crazy Yiuf
  1977 | D:4      | Reached XP level 5. HP: 41/47 MP: 4/4
  2034 | D:4      | Noticed Natasha
  2034 | D:4      | Noticed Dowan
  2039 | D:4      | Killed Natasha
  2039 | D:4      | Noticed Duvessa
  2049 | D:4      | Killed Duvessa
  2050 | D:4      | Reached skill level 5 in Axes
  2050 | D:4      | Reached skill level 5 in Armour
  2050 | D:4      | Reached XP level 6. HP: 26/55 MP: 5/5
  2055 | D:4      | Killed Dowan
  2056 | D:4      | Reached skill level 5 in Fighting
  2103 | D:4      | Found a staircase to the Ecumenical Temple.
  2119 | Temple   | Entered the Ecumenical Temple
  2508 | D:4      | Reached skill level 5 in Shields
  2525 | D:4      | Noticed Natasha
  2530 | D:4      | Killed Natasha
  2560 | D:4      | Noticed Edmund
  2574 | D:4      | Killed Edmund
  2575 | D:4      | Reached skill level 6 in Axes
  2709 | D:4      | Reached XP level 7. HP: 61/61 MP: 6/6
  2863 | D:5      | Entered Level 5 of the Dungeon
  3038 | D:5      | Found a glowing drain.
  3062 | Sewer    | Entered a sewer
  3089 | Sewer    | Noticed Pargi
  3103 | Sewer    | Killed Pargi
  3592 | D:5      | Reached skill level 7 in Axes
  3738 | D:5      | Noticed Sigmund
  3748 | D:5      | Killed Sigmund
  3749 | D:5      | Reached XP level 8. HP: 59/70 MP: 7/7
  4092 | D:6      | Reached skill level 8 in Axes
  4356 | D:6      | Found an opulent altar of Gozag.
  4450 | D:6      | Noticed Maggie
  4459 | D:6      | Killed Maggie
  4460 | D:6      | Reached skill level 9 in Axes
  4584 | D:6      | Reached XP level 9. HP: 77/79 MP: 8/8
  4828 | D:6      | Found a glowing silver altar of Zin.
  4831 | D:6      | Found a shadowy altar of Dithmenos.
  5130 | D:7      | Found an iron altar of Okawaru.
  5140 | D:7      | Became a worshipper of Warmaster Okawaru
  5226 | D:7      | Noticed Menkaure
  5239 | D:7      | Killed Menkaure
  5496 | D:7      | Reached skill level 10 in Axes
  6008 | D:8      | Identified the +2 helmet of the Thinker {Int+5}
  6037 | D:8      | Noticed a two-headed ogre
  6053 | D:8      | Killed a two-headed ogre
  6053 | D:8      | Reached * piety under Okawaru
  6053 | D:8      | Reached ** piety under Okawaru
  6054 | D:8      | Reached skill level 11 in Axes
  6229 | D:8      | Noticed a +0 dagger
  6230 | D:8      | Noticed a +0 dagger
  6232 | D:8      | Found a hide-covered altar of Uskayaw.
  6415 | D:8      | Reached XP level 10. HP: 81/90 MP: 9/9
  6794 | D:9      | Noticed Erolcha
  6804 | D:9      | Reached skill level 1 in Invocations
  6814 | Abyss:1  | Cast into level 1 of the Abyss (Erolcha)
  6889 | Abyss:1  | Noticed a mana viper
  6926 | Abyss:1  | Gained mutation: Your spells are a little easier to cast,
                  | but a little less powerful. [a neqoxec]
  6937 | Abyss:1  | Noticed a large abomination
  6949 | Abyss:1  | Noticed a large abomination
  6964 | Abyss:1  | Noticed a starcursed mass
  6966 | Abyss:1  | Killed a large abomination
  7000 | Abyss:1  | Killed a large abomination
  7000 | Abyss:1  | Reached *** piety under Okawaru
  7007 | Abyss:1  | Noticed a wretched star
  7012 | Abyss:1  | Killed from afar by a wretched star

Illustrated notes

Levels and vault maps discovered:
D:1:      heliophobic_arrival_battle_scene, layout_basic
D:2:      layout_basic
D:3:      layout_rooms, ebering_ecumenical_altar_rust, serial_undead,
          serial_undead_c, serial_undead_b, serial_undead_e, serial_undead_b,
          uniq_crazy_yiuf_cottage
D:4:      layout_rooms, minmay_temple_entry_mini_moons, uniq_natasha,
          uniq_duvessa, uniq_edmund
D:5:      layout_cave_pods, cheibrodos_sewer_entry_bend, st_stairs_4,
          uniq_sigmund
D:6:      layout_gridville, minitemple, nicolae_gozag_seed_capital, uniq_maggie
D:7:      layout_rooms, okawaru_trees_2, hangedman_decor_riveting, uniq_menkaure
D:8:      layout_loops_ring, dancing_weapons_uskayaw
D:9:      layout_big_octagon, mainiacjoe_overflow_concentric_impassable,
          lair_entry_dummy, serial_shops, shop, ebering_ghost_gozag,
          st_stairs_8, uniq_erolcha
Temple:   nicolae_temple_bog_church
Abyss:1:  base:
D:2

Skill      XL: |  1  2  3  4  5  6  7  8  9 10 |
---------------+-------------------------------+-----
Axes           | 3 4 5 6 7 9 11 | 11.9
Shields        | 4 5 6 7 8 9 |  9.0
Armour         | 4 5 6 7 8 9 |  9.1
Fighting       | 4 5 6 7 8 9 |  9.0
Invocations    | 2 |  2.1

Action                     |  1- 3 |  4- 6 |  7- 9 | 10-12 || total
---------------------------+-------+-------+-------+-------++-------
  Melee: War axe           |    72 |    86 |   239 |    76 ||   473
         Headbutt          |     8 |    12 |    47 |    16 ||    83
  Throw: Javelin           |       |    13 |     3 |     2 ||    18
 Invoke: Heroism           |       |       |       |     2 ||     2
  Evoke: Wand              |       |       |     1 |     1 ||     2
    Use: Scroll            |     8 |     4 |     6 |     2 ||    20
         Potion            |     1 |     8 |     4 |     2 ||    15
 Armour: Scale mail        |    37 |    19 |       |       ||    56
         Ring mail         |       |     7 |    40 |       ||    47
         Plate armour      |       |       |    95 |    51 ||   146
  Dodge: Dodged            |    31 |    25 |    67 |    23 ||   146
  Block: Buckler           |    22 |    20 |    52 |    19 ||   113

Table legend: (Time is in decaauts)
 A = Elapsed time spent in this place.
 B = Non-inter-level travel time spent in this place.
 C = Inter-level travel time spent in this place.
 D = Time resting spent in this place.
 E = Time spent auto-exploring this place.
 F = Levels seen in this place.
 G = Mean time per level.
                   A        B        C        D        E       F      G
               +--------+--------+--------+--------+--------+-----+--------+
         Total |   7099 |   6866 |    233 |    673 |   4195 |  12 |  591.6 |
       Dungeon |   6528 |   6318 |    210 |    634 |   3934 |   9 |  725.3 |
        Temple |    282 |    259 |     23 |      0 |    245 |   1 |  282.0 |
         Abyss |    194 |    194 |      0 |     39 |      3 |   1 |  194.0 |
         Sewer |     94 |     94 |      0 |      0 |     13 |   1 |   94.0 |
               +--------+--------+--------+--------+--------+-----+--------+

Top non-repeatable levels by time:
     D:6: 1157 daAuts
     D:5: 971 daAuts
     D:8: 954 daAuts
     D:3: 759 daAuts
     D:2: 655 daAuts
     D:7: 638 daAuts
     D:4: 633 daAuts
     D:1: 594 daAuts
  Temple: 282 daAuts
 Abyss:1: 194 daAuts
     D:9: 162 daAuts
   Sewer: 94 daAuts
